Map: 光影交错-天梯版

Players

iGMacSed (MacSed)

  • Race: Protoss Protoss
  • League: Grandmaster

CoffeeMs (Coffee) - Winner!

  • Race: Terran Terran
  • League: Master

Event: DreamHack SC2 Masters 2021 Fall

VOD

Have the link to the VOD?

Description

Time

  • Played on: Aug. 4, 2021, 9:41 a.m.
  • Length: 15:48

All games in this series

Show
View Real Time Build Order
Export as new Build Order

iGMacSed Protoss 

Build Orders: 1 Gate Expand, Blink Stalkers, Colossus Rush 

Get SALT Encoding   

  12  0:00  Probe  
  13  0:12  Probe  
  14  0:18  Pylon  
  14  0:24  Probe (Chrono Boost)  
  15  0:36  Gateway  
  15  0:37  Probe (Chrono Boost)  
  16  0:44  Probe (Chrono Boost)  
  16  0:45  Assimilator  
  17  0:51  Probe  
  18  1:03  Probe  
  19  1:15  Probe  
  20  1:23  Cybernetics Core  
  20  1:33  Nexus  
  20  1:40  Pylon  
  20  1:44  Probe  
  21  1:48  Assimilator  
  21  1:56  Probe  
  21  1:58  Adept (Chrono Boost)  
  24  2:02  Warp Gate  
  24  2:08  Probe  
  25  2:18  Stalker (Chrono Boost)  
  25  2:20  Probe  
  28  2:30  Twilight Council  
  28  2:32  Probe  
  29  2:44  Probe  
  29  2:46  Sentry  
  29  2:47  Probe  
  33  2:56  Probe  
  33  2:57  Gateway  
  34  2:59  Probe  
  34  3:05  Blink (Chrono Boost)  
  35  3:08  Probe  
  35  3:12  Probe  
  37  3:18  Shield Battery  
  37  3:20  Probe  
  37  3:24  Probe  
  39  3:29  Pylon  
  39  3:32  Probe  
  40  3:36  Probe  
  40  3:39  Robotics Facility  
  41  3:45  Probe  
  41  3:48  Probe  
  42  3:52  Pylon  
  42  3:54  Stalker x2  
  46  3:57  Probe  
  47  4:03  Probe  
  47  4:05  Assimilator  
  47  4:09  Probe  
  49  4:15  Probe  
  50  4:21  Probe  
  51  4:27  Probe  
  51  4:29  Pylon, Observer  
  53  4:33  Probe  
  53  4:38  Stalker  
  55  4:39  Probe  
  55  4:45  Assimilator, Nexus  
  56  4:46  Probe  
  56  4:47  Robotics Bay  
  56  4:51  Probe  
  58  4:58  Probe  
  58  4:59  Immortal (Chrono Boost)  
  63  5:03  Stalker, Probe  
  66  5:10  Probe  
  67  5:20  Gateway  
  67  5:22  Gateway  
  67  5:23  Probe  
  67  5:26  Probe  
  69  5:31  Shield Battery  
  69  5:35  Probe  
  70  5:36  Extended Thermal Lance  
  70  5:43  Pylon  
  70  5:47  Pylon  
  70  5:52  Colossus (Chrono Boost)  
  70  5:55  Pylon  
  76  5:57  Sentry x2  
  76  6:00  Probe x3  
  83  6:08  Shield Battery  
  83  6:12  Probe x2  
  85  6:19  Stalker x2  
  85  6:21  Stalker x2  
  93  6:29  Gateway  
  93  6:31  Gateway  
  93  6:33  Colossus (Chrono Boost)  
  87  6:46  Stalker x3  
  81  6:50  Probe  
  80  6:57  Probe  
  79  7:04  Stalker  
  81  7:14  Gateway  
  81  7:16  Sentry x2, Gateway  
  81  7:17  Zealot  
  81  7:19  Probe x2  
  81  7:21  Assimilator  
  81  7:22  Assimilator, Pylon  
  89  7:25  Stalker x2  
  93  7:34  Zealot  
  87  7:38  Stalker  
  87  7:39  Colossus (Chrono Boost)  
  83  7:45  Zealot x2  
  87  7:53  Stalker x2  
  81  8:00  Probe  
  81  8:02  Stalker x2  
  82  8:06  Zealot x2  
  82  8:11  Stalker x2  
  85  8:13  Probe  
  85  8:15  Probe x2  
  82  8:21  Stalker x2  
  82  8:27  Probe x2  
  83  8:33  Probe  
  85  8:35  Colossus (Chrono Boost)  
  85  8:39  Probe  
  92  8:46  Zealot x4  
  97  8:55  Probe  
  97  8:56  Stalker x3  
  97  8:58  Shield Battery  
  93  9:04  Stalker  
  89  9:10  Probe  
  89  9:12  Probe  
  91  9:18  Colossus (Chrono Boost)  
  91  9:19  Forge  
  91  9:21  Forge  
  97  9:28  Sentry  
  97  9:29  Zealot  
  101  9:31  Pylon  
  101  9:32  Pylon  
  101  9:38  Pylon  
  101  9:40  Pylon  
  101  9:41  Shield Battery  
  101  9:47  Pylon  
  101  9:48  Pylon  
  101  9:49  Protoss Ground Armor Level 1 (Chrono Boost)  
  101  9:50  Protoss Ground Weapons Level 1 (Chrono Boost)  
  101  9:53  Sentry  
  101  9:54  Sentry  
  101  9:55  Pylon  
  101  9:58  Immortal  
  109  10:01  Zealot x2  
  109  10:04  Pylon  
  113  10:09  Stalker  
  113  10:10  Stalker  
  115  10:29  Stalker x5  
  125  10:36  Disruptor (Chrono Boost)  
  125  10:38  Photon Cannon  
  128  10:43  Photon Cannon  
  128  10:44  Probe  
  128  10:46  Probe  
  130  10:56  Probe  
  130  10:57  Probe  
  126  10:58  Probe  
  126  11:03  Pylon  
  123  11:04  Pylon, Dark Shrine  
  123  11:06  Disruptor (Chrono Boost)  
  123  11:08  Probe  
  127  11:14  Robotics Facility  
  127  11:28  Probe  
  127  11:31  Stalker x3  
  134  11:34  Zealot x3  
  134  11:37  Disruptor (Chrono Boost)  
  141  11:57  Zealot  
  141  11:58  Zealot x7  
  157  12:02  Disruptor  
  160  12:12  Disruptor  
  160  12:15  Probe  
  164  12:18  Dark Templar x2, Shadow Stride (Chrono Boost)  
  164  12:19  Protoss Ground Weapons Level 2 (Chrono Boost)  
  168  12:22  Protoss Ground Armor Level 2 (Chrono Boost)  
  168  12:30  Charge  
  165  12:40  Disruptor (Chrono Boost)  
  167  12:55  Disruptor (Chrono Boost)  
  165  13:06  Nexus  
  165  13:07  Pylon  
  165  13:10  Stalker x2  
  165  13:12  Disruptor (Chrono Boost)  
  169  13:18  Dark Templar x2  
  176  13:24  Pylon, Disruptor  
  179  13:31  Stalker x2  
  181  13:41  Disruptor  
  181  13:42  Shield Battery  
  160  13:57  Stalker x6  
  160  13:59  Stalker  
  172  14:08  Shield Battery  
  164  14:26  Stalker x2  
  142  14:39  Disruptor  
  142  14:40  Colossus  
  142  14:43  Stalker x4  
  155  15:03  Stalker x2  
  155  15:04  Stalker x2  
  138  15:18  Stalker x3  
  123  15:25  Stalker  
  106  15:37  Stalker x2  
Show
View Real Time Build Order
Export as new Build Order

CoffeeMs Terran - Winner!

Build Orders: Reaper Expand 

Get SALT Encoding   

  12  0:00  SCV  
  13  0:12  SCV  
  14  0:17  Supply Depot  
  14  0:24  SCV  
  15  0:38  SCV  
  15  0:40  Barracks  
  16  0:43  Refinery  
  16  0:50  SCV  
  17  1:02  SCV  
  18  1:15  SCV  
  19  1:27  Reaper, Orbital Command  
  20  1:44  Command Center  
  20  1:54  SCV  
  21  1:55  Supply Depot  
  21  2:00  Marine  
  22  2:06  SCV  
  23  2:11  Factory  
  23  2:22  Bunker, SCV  
  24  2:24  Barracks Reactor  
  24  2:29  Refinery  
  24  2:34  SCV  
  25  2:46  SCV  
  26  2:56  Hellion  
  26  2:57  Starport  
  28  2:58  SCV  
  28  2:59  Orbital Command  
  29  3:05  Marine x2  
  31  3:13  SCV  
  31  3:17  Factory Tech Lab  
  32  3:24  SCV  
  32  3:25  SCV, Supply Depot  
  32  3:26  Marine  
  32  3:27  Marine  
  36  3:38  Barracks  
  36  3:39  SCV x2  
  38  3:42  Raven  
  38  3:45  Marine x2  
  42  3:52  Barracks  
  42  3:53  SCV x2  
  44  3:58  Factory Tech Lab  
  44  4:03  Supply Depot  
  44  4:05  SCV x2  
  44  4:08  Marine x2  
  48  4:13  Engineering Bay  
  48  4:15  Refinery  
  47  4:23  SCV x2  
  49  4:27  Supply Depot  
  49  4:34  Marine x2  
  49  4:35  SCV, Stimpack, Marauder  
  49  4:37  SCV  
  55  4:39  Starport Reactor  
  55  4:41  Factory Reactor  
  55  4:44  Terran Infantry Weapons Level 1  
  55  4:48  SCV  
  55  4:49  SCV  
  55  4:51  Supply Depot  
  57  4:53  Marine  
  57  4:54  Marine  
  63  5:00  Marauder x2  
  63  5:02  Combat Shield  
  63  5:04  SCV  
  63  5:05  SCV  
  65  5:13  Marine  
  65  5:14  Marine, Supply Depot  
  65  5:16  SCV  
  65  5:18  SCV  
  67  5:25  Medivac x2  
  71  5:28  SCV  
  71  5:31  Marine x2, Marauder x2  
  71  5:34  Refinery  
  78  5:37  Widow Mine x2  
  78  5:39  Supply Depot  
  82  5:51  Marine x2  
  82  5:52  Command Center  
  82  5:56  Marauder  
  86  6:00  Supply Depot  
  86  6:01  Marauder  
  88  6:08  Medivac x2  
  92  6:12  Supply Depot, SCV  
  92  6:13  SCV  
  94  6:22  Supply Depot, Widow Mine x2  
  98  6:25  Marine  
  98  6:26  Marauder  
  101  6:33  Marauder  
  92  6:45  Marine x2  
  91  6:48  Marauder  
  91  6:51  Medivac x2  
  97  6:55  Marauder  
  97  6:57  Widow Mine x2  
  97  6:58  SCV x2  
  101  7:09  Marine x2, Marauder  
  101  7:14  Orbital Command  
  103  7:16  Barracks, Marauder  
  103  7:17  Barracks  
  103  7:19  Widow Mine x2  
  100  7:40  Marine x2, Marauder  
  100  7:41  Marauder  
  96  7:45  SCV x2  
  96  7:54  Orbital Command  
  96  7:57  Widow Mine x2  
  100  8:00  Medivac  
  100  8:01  Medivac  
  100  8:02  SCV x2, Marauder x2  
  110  8:12  Barracks Tech Lab  
  109  8:14  Barracks Reactor, SCV x2, Armory  
  109  8:17  Marine  
  109  8:18  Marine  
  111  8:23  Marauder x2  
  112  8:28  SCV x2  
  112  8:29  SCV  
  112  8:33  Terran Infantry Armor Level 1  
  113  8:40  SCV x2  
  115  8:42  SCV  
  115  8:45  Marauder x2  
  119  8:54  Marine x2, Marauder  
  115  8:58  Viking x2  
  115  8:59  SCV  
  115  9:00  Marine, SCV  
  112  9:06  Marauder x2  
  112  9:08  Marine  
  112  9:09  Widow Mine x2  
  115  9:10  SCV  
  115  9:12  Marine, SCV  
  115  9:16  Marauder  
  120  9:21  Engineering Bay  
  121  9:26  Refinery x2  
  121  9:27  Bunker, Marauder x2, Supply Depot  
  121  9:30  Supply Depot, Ghost Academy  
  121  9:31  Viking, Widow Mine x2  
  126  9:32  Viking  
  126  9:37  Marauder  
  132  9:40  Missile Turret  
  132  9:44  Marine  
  133  9:49  Marine x3, Marauder x2  
  140  9:54  Supply Depot x2  
  140  9:55  Supply Depot  
  140  9:57  Sensor Tower  
  140  9:59  Marauder  
  142  10:01  Enhanced Shockwaves  
  142  10:09  Marine x4  
  142  10:10  Ghost  
  148  10:15  Ghost  
  148  10:17  Viking x2  
  148  10:19  Ghost  
  156  10:28  Marine x4  
  156  10:29  Widow Mine  
  156  10:30  Widow Mine, Command Center  
  162  10:40  Barracks x2  
  162  10:41  Barracks, Terran Ship Weapons Level 1  
  162  10:51  Terran Infantry Armor Level 2, Terran Infantry Weapons Level 2  
  162  10:57  Marine x2  
  162  10:58  Marine x2, Marauder  
  168  11:08  Missile Turret  
  166  11:12  Viking x2  
  166  11:17  Fusion Core, Starport  
  168  11:26  Ghost x2  
  172  11:41  Marine x4, Ghost  
  172  11:43  Supply Depot  
  172  11:44  Supply Depot  
  172  11:45  Supply Depot  
  178  11:54  Barracks Reactor, Barracks Tech Lab x2  
  174  12:02  Viking x2  
  174  12:06  Advanced Ballistics, Missile Turret  
  176  12:19  SCV x3  
  176  12:20  Liberator x2  
  176  12:22  Marauder x3  
  191  12:24  Marine  
  192  12:32  Refinery x2  
  192  12:33  Planetary Fortress  
  190  12:46  Missile Turret  
  184  12:54  Liberator x2  
  184  13:14  Liberator x2  
  184  13:18  Personal Cloaking  
  184  13:19  Command Center  
  188  13:21  SCV x2  
  188  13:31  SCV x2  
  188  13:32  Missile Turret  
  170  13:59  Liberator x4  
  181  14:07  Marine x3, Marauder x2  
  181  14:08  Marine, Marauder  
  189  14:18  Marine, Marauder x2  
  189  14:20  Marine  
  183  14:25  Marine  
  183  14:29  Marauder  
  150  15:14  Marine, Marauder x2  
  150  15:15  Marine, Marauder  
  150  15:20  Marine x5, Marauder  

Tags
 
Add a new tag
Caveats
  • Supply blocks, unpowered buildings, or Contaminate may cause inaccurate times.
  • Supply counts are checked every 10 seconds.